 Dungeon Crawl Stone Soup version 0.30-a0-737-gf23d94013f (webtiles) character file.

Game seed: 4941390588061787226

189 cforsyth the Shooter (level 5, -2/27 HPs)
             Began as a Spriggan Hunter on Feb 3, 2023.
             Slain by a quokka (3 damage)
             ... on level 4 of the Dungeon.
             The game lasted 00:07:31 (2561 turns).

cforsyth the Shooter (Spriggan Hunter)              Turns: 2561, Time: 00:07:31

Health: -2/27      AC:  2    Str:  5 (7)  XL:     5   Next: 40%
Magic:  6/6        EV: 19    Int: 10 (13) God:
Gold:   168        SH:  0    Dex: 16 (18) Spells: 4/4 levels left

rFire   . . .      SeeInvis +    a - +0 shortbow
rCold   . . .      Faith    .    (shield currently unavailable)
rNeg    . . .      Spirit   .    c - +0 robe
rPois   .          Reflect  .    (helmet restricted)
rElec   .          Harm     .    (no cloak)
rCorr   .          Rampage  .    (gloves unavailable)
Will    .....                    (boots unavailable)
Stlth   ++                       (no amulet)
HPRegen 0.24/turn                (no ring)
MPRegen 0.10/turn                (no ring)

@: very quick
A: very small, no large weapons, unfitting armour, see invisible, speed 3
a: no special abilities


You were on level 4 of the Dungeon.
You visited 1 branch of the dungeon, and saw 4 of its levels.

You collected 168 gold pieces.

Inventory:

Hand Weapons
 a - a +0 shortbow (weapon)
Missiles
 k - 2 throwing nets
Armour
 c - a +0 robe (worn)
Wands
 r - a wand of digging (2)
Scrolls
 b - a scroll of immolation
 d - a scroll of fog {unknown}
 h - 3 scrolls of identify {unknown}
 i - a scroll of enchant armour {unknown}
 j - a scroll of blinking {unknown}
 l - 4 scrolls of teleportation {unknown}
 n - 2 scrolls of vulnerability {unknown}
Potions
 e - 3 potions of curing {unknown}
 f - 2 potions of degeneration
 g - 2 potions of might {unknown}
 m - a potion of brilliance {unknown}
 o - a potion of flight {unknown}
 p - a potion of haste {unknown}
 q - a potion of invisibility {unknown}


   Skills:
 + Level 2.6 Fighting
 * Level 5.5 Ranged Weapons
 + Level 4.4 Dodging
 - Level 1.8 Stealth


You had 4 spell levels left.
You didn't know any spells.
Your spell library was empty.

Dungeon Overview and Level Annotations

Branches:
Dungeon (4/15)
 Temple: D:4-7

Altars:
Makhleb
Sif Muna

Shops:
D:2 *   D:4 ?

Portals:
Sewer: D:4

Annotations:
D:2 Sigmund


Innate Abilities, Weirdness & Mutations

You are very small and have problems with some larger weapons.
You are too small for most types of armour.
You have supernaturally acute eyesight. (SInv)
You cover ground extremely quickly. (Speed+++)


Message History

Pain shoots through your body!
A quokka comes into view.
You shoot an arrow. The arrow barely misses the worm.
The kobold shouts!
You shoot an arrow. The arrow hits the worm.
The worm is moderately wounded.
You shoot an arrow. The arrow barely misses the worm.
The arrow hits the kobold.
You kill the kobold!
The bat closely misses you. The bat misses you. The worm completely misses you.
You shoot an arrow. The arrow hits the worm.
The worm is moderately wounded.
The bat misses you. The quokka completely misses you.
The worm closely misses you.
You shoot an arrow. The arrow hits the worm!
The worm is severely wounded.
The quokka completely misses you. The bat barely misses you.
The quokka closely misses you. The bat hits you but does no damage.
You shoot an arrow. The arrow hits the worm.
You kill the worm!
The bat completely misses you. The quokka bites you.
The bat hits you but does no damage.
You shoot an arrow. The arrow barely misses the quokka.
The bat closely misses you. The quokka misses you. The bat closely misses you.
The quokka barely misses you.
You shoot an arrow. The arrow barely misses the scorpion.
The bat misses you. The scorpion closely misses you.
The quokka barely misses you. The bat hits you but does no damage.
The scorpion completely misses you.
The orc priest invokes the aid of Beogh against you.
Beogh smites you!
* * * LOW HITPOINT WARNING * * *
You are too injured to fight recklessly!
It was a potion of degeneration.
There was something very wrong with that liquid.
You feel weakened.
You feel dopey.
You feel clumsy. The quokka bites you.
* * * LOW HITPOINT WARNING * * *
The bat completely misses you. The scorpion barely misses you.
The quokka bites you.
You die...

..#..# #.. ...# ..# ..#...# #.##
#..# #.# . ..+ ... .... ##..#
#.# ... ..# #..### #.#.
#...###.##.o... ..# #....
#.#.##.#.....K...... ..# #..#
#.#......†##~~~~≈##.
..#####.#####.##......##~~~~≈#
#.............#..r....~~.....≈~.
#.#####....###.s@b)...~~..~..w~.
#.# ####..##.#..........∩..~~.
#.#########.#o.######.~~.....≈~.
#.....o.ss.>..## #.~≈.....~~.
#.############# #.##~~≈~ #.. b#
~~≈~ #.# .. #.# #.#


You could see a scorpion, an orc priest, a quokka and a bat.

Vanquished Creatures
  A hound (D:4)
  Jessica (D:2)
  An orc wizard (D:3)
  An adder (D:2)
  A shadow imp (D:4)
  2 worms
  7 orcs (D:3)
  6 ball pythons
  3 bats
  10 endoplasms
  4 giant cockroaches
  8 goblins
  4 hobgoblins
  6 jackals (D:3)
  6 kobolds
  6 quokkas
  2 frilled lizards (D:3)
  A rat (D:3)
70 creatures vanquished.

Vanquished Creatures (others)
  13 plants (D:3)
13 creatures vanquished.

Grand Total: 83 creatures vanquished

Notes
Turn   | Place    | Note
-------+----------+-------------------------------------------
     0 | D:1      | cforsyth the Spriggan Hunter began the quest for the Orb.
     0 | D:1      | Reached XP level 1. HP: 10/10 MP: 2/2
    89 | D:1      | Reached XP level 2. HP: 15/15 MP: 3/3
   507 | D:2      | Found Ugaaddie's General Store.
   558 | D:2      | Noticed Jessica
   562 | D:2      | Killed Jessica
   563 | D:2      | Reached XP level 3. HP: 18/18 MP: 4/4
   859 | D:2      | Noticed Sigmund
  1074 | D:2      | Reached XP level 4. HP: 23/23 MP: 5/5
  1143 | D:2      | Found a burning altar of Makhleb.
  1306 | D:3      | Found a shimmering blue altar of Sif Muna.
  1557 | D:3      | Reached skill level 5 in Ranged Weapons
  1873 | D:3      | Reached XP level 5. HP: 27/27 MP: 6/6
  2470 | D:4      | Found Rushrus's Magic Scroll Emporium.
  2502 | D:4      | Found a glowing drain.
  2561 | D:4      | HP: 1/27 [quokka (2)]
  2561 | D:4      | Slain by a quokka

Illustrated notes

Levels and vault maps discovered:
D:1:      dpeg_arrival_solitude, layout_rooms, minmay_misc_feat_room,
          minmay_stone_trees_small, item_on_display_b
D:2:      layout_basic, serial_shops, shop, basic_altar, uniq_sigmund,
          uniq_jessica
D:3:      wad_woods_stonehenge, layout_loops_corners
D:4:      layout_basic, serial_shops, shop, cheibrodos_sewer_entry_sluice

Skill      XL: |  1  2  3  4 |
---------------+-------------+-----
Dodging        | 3 4 |  4.4
Fighting       | 2 |  2.6
Ranged Weapons | 5 |  5.5
Stealth        | |  1.8

Action                     |  1- 3 |  4- 6 || total
---------------------------+-------+-------++-------
   Fire: Shortbow          |    70 |   133 ||   203
    Use: Potion            |       |     1 ||     1
 Armour: Robe              |     1 |     7 ||     8
  Dodge: Dodged            |    12 |    64 ||    76

Table legend: (Time is in decaauts)
 A = Elapsed time spent in this place.
 B = Non-inter-level travel time spent in this place.
 C = Inter-level travel time spent in this place.
 D = Time resting spent in this place.
 E = Time spent auto-exploring this place.
 F = Levels seen in this place.
 G = Mean time per level.
                   A        B        C        D        E       F      G
               +--------+--------+--------+--------+--------+-----+--------+
         Total |   1710 |   1641 |     69 |      0 |   1178 |   4 |  427.5 |
       Dungeon |   1710 |   1641 |     69 |      0 |   1178 |   4 |  427.5 |
               +--------+--------+--------+--------+--------+-----+--------+

Top non-repeatable levels by time:
     D:3: 785 daAuts
     D:2: 463 daAuts
     D:1: 324 daAuts
     D:4: 136 daAuts
